 Dungeon Crawl Stone Soup version 0.30.1-4-g462c640d31 (webtiles) character file.

Game seed: 16922203512217999399

721 wingedge the Shooter (level 7, -2/54 (57) HPs)
             Began as a Demigod Wanderer on Aug 28, 2023.
             Killed by divine providence
             ... invoked by an orc priest
              (14 damage)
             ... on level 4 of the Dungeon.
             The game lasted 00:10:26 (3709 turns).

wingedge the Shooter (Demigod Wanderer)             Turns: 3709, Time: 00:10:26

HP:   -2/54 (57)    AC:  4    Str: 10    XL:     7   Next: 19%
MP:   12/13         EV: 11    Int: 17    God:
Gold: 136           SH:  0    Dex: 21    Spells: 6/10 levels left

rFire   + . .        a - +0 shortbow
rCold   . . .        (shield currently unavailable)
rNeg    . . .        f - +0 leather armour
rPois   .            j - +0 helmet
rElec   .            (no cloak)
rCorr   .            (no gloves)
SInv    .            (no boots)
Will    .....        (no amulet)
Stlth   ++           d - ring of protection from fire
HPRegen 0.29/turn    (no ring)
MPRegen 0.13/turn

%: no passive effects
@: drained
A: high MP 1, forlorn, divine attributes
a: no special abilities


You were on level 4 of the Dungeon.
You visited 1 branch of the dungeon, and saw 4 of its levels.

You collected 186 gold pieces.
You spent 50 gold pieces at shops.

Inventory:

Hand Weapons
 a - a +0 shortbow (weapon)
Missiles
 q - 2 poisoned darts
Armour
 b - a +0 scale mail
 f - a +0 leather armour (worn)
 j - a +0 helmet (worn)
 l - a +0 ring mail
 v - a +0 robe
Magical Staves
 r - a staff of poison
Jewellery
 d - a ring of protection from fire (left hand)
Wands
 t - a wand of flame (4)
Scrolls
 g - a scroll of enchant armour
 m - 2 scrolls of fog
 n - a scroll of vulnerability
 p - 2 scrolls of teleportation
 u - a scroll of fear {unknown}
Potions
 c - a potion of curing
 e - a potion of cancellation
 i - a potion of magic
 k - 2 potions of mutation {unknown}
 o - a potion of brilliance {unknown}
 s - a potion of invisibility {unknown}


   Skills:
 - Level 3.0 Fighting
 + Level 6.3 Ranged Weapons
 - Level 2.0 Armour
 - Level 1.0 Dodging
 - Level 2.0 Spellcasting
 - Level 1.0 Hexes
 + Level 3.7 Summonings


You had 6 spell levels left.
You knew the following spells:

 Your Spells              Type           Power      Damage    Failure   Level
a - Slow                  Hex            20%        N/A       17%         1
b - Call Canine Familiar  Summ           14%        N/A       16%         3

Your spell library contained the following spells:

 Spells                   Type           Power      Damage    Failure   Level
 Summon Small Mammal      Summ           56%        N/A       5%          1
 Summon Guardian Golem    Hex/Summ       9%         N/A       28%         3


Dungeon Overview and Level Annotations

Branches:
Dungeon (4/15)
 Temple: D:4-7

Shops:
D:2 *

Annotations:
D:4 Pikel


Innate Abilities, Weirdness & Mutations

You have an increased reservoir of magic. (+10% MP)
You shall have no god before yourself.
Your divine heritage dramatically boosts your attributes as you level up.


Message History

* * * LOW HITPOINT WARNING * * *
Your hound bites the lemure but does no damage.
You feel much better.
Your hound closely misses the lemure.
The lemure barely misses your hound.
Pikel hits you with a +0 whip of electrocution.
The grasping roots constrict you.
* * * LOW HITPOINT WARNING * * *
The grasping roots release their grip on you.
Okay, then.
As you read the scroll of teleportation, it crumbles to dust.
You feel strangely unstable.
Your hound closely misses the lemure.
The lemure barely misses your hound. Pikel completely misses you.
Your hound bites the lemure.
The lemure dies!
Fire: a) +0 shortbow
Press: ? - help, Q - select action, (/) - cycle Shift-Dir - straight line, f/p - Pikel
Aim: Pikel, wielding a +0 whip of electrocution, wearing a +0 robe and carrying a wand of roots (8) (moderately wounded, ally target, 60% to hit)
You shoot an arrow. The arrow hits Pikel.
Pikel is moderately wounded.
Your hound barely misses Pikel.
Pikel hits you with a +0 whip of electrocution!
* * * LOW HITPOINT WARNING * * *
Your hound barely misses Pikel.
You feel better. Pikel completely misses you.
Your hound closely misses Pikel.
Fire: a) +0 shortbow
Press: ? - help, Q - select action, (/) - cycle Shift-Dir - straight line, f/p - Pikel
Aim: Pikel, wielding a +0 whip of electrocution, wearing a +0 robe and carrying a wand of roots (8) (moderately wounded, ally target, 60% to hit)
You shoot an arrow. The arrow closely misses Pikel.
Your surroundings suddenly seem different.
An orc comes into view.
It is wielding a +0 whip and quivering poisoned darts.
The orc shouts!
The orc priest shouts!
You hear a bark!
The orc throws a poisoned dart.
The poisoned dart barely misses you.
You feel better.
The orc throws a poisoned dart.
The poisoned dart misses you.
The orc priest calls down the wrath of Beogh upon you.
Pain shoots through your body!
* * * LOW HITPOINT WARNING * * *
The orc priest calls down the wrath of Beogh upon you.
Beogh smites you!
You die...

..
#.......o.......######
#......####..........>
#........##.###.######
#........##.# #o#
#......####.# #.#
##.....####.###.######
#....................
#.#.........##.#####.
#.#<@..ho...##.#
#...)..oo...##.# ..
########.##.##.# ..#
......##.# ..#
.......##.. ..#
........##### # #.# .#
......### # 8.# .#
#..K### ###.##.#


You could see a hound, an orc priest and 2 orcs.

Vanquished Creatures
  A steam dragon (D:4)
  A phantom (D:3)
  3 lemures
  2 necrophages (D:4)
  A bullfrog zombie (D:4)
  A jelly (D:3)
  2 hounds (D:4)
  A human zombie (D:4)
  2 scorpion zombies (D:4)
  An iguana (D:4)
  A nameless horror (D:4)
  2 hound zombies (D:4)
  A mummy (D:4)
  3 adders
  2 adder zombies (D:4)
  6 dart slugs
  3 orcs
  8 bats
  6 endoplasms
  5 giant cockroaches
  8 goblins
  7 hobgoblins
  2 jackals (D:2)
  3 quokkas
  A ball python (D:1)
  3 frilled lizards
  6 kobolds
  4 rats
86 creatures vanquished.

Vanquished Creatures (collateral kills)
  A lemure (D:4)
1 creature vanquished.

Grand Total: 87 creatures vanquished

Notes
Turn   | Place    | Note
-------+----------+-------------------------------------------
     0 | D:1      | wingedge the Demigod Wanderer began the quest for the Orb.
     0 | D:1      | wingedge set off with the following items: a +0 shortbow, a
                  | +0 scale mail, a potion of curing; and the following spell
                  | memorised: Slow; and the following spells available to
                  | memorise: Summon Guardian Golem.
     0 | D:1      | Reached XP level 1. HP: 16/16 MP: 4/4
   355 | D:1      | Reached skill level 4 in Ranged Weapons
   383 | D:1      | Reached XP level 2. HP: 23/23 MP: 5/5
   976 | D:2      | Reached XP level 3. HP: 28/28 MP: 6/6
  1056 | D:2      | Found Misumony's General Store.
  1059 | D:2      | Bought a scroll of teleportation for 30 gold pieces
  1059 | D:2      | Bought a scroll of identify for 20 gold pieces
  1456 | D:2      | Reached skill level 5 in Ranged Weapons
  1789 | D:3      | Reached XP level 4. HP: 35/35 MP: 8/8
  1983 | D:3      | Reached skill level 1 in Summonings
  2516 | D:4      | Noticed a lemure
  2517 | D:4      | Noticed a lemure
  2519 | D:4      | Noticed a lemure
  2521 | D:4      | Noticed Pikel
  2528 | D:3      | Killed a lemure
  2570 | D:4      | Noticed a phantom
  2588 | D:3      | Killed a phantom
  2589 | D:3      | Reached XP level 5. HP: 13/41 MP: 10/10
  2824 | D:4      | Noticed a steam dragon
  2832 | D:4      | Killed a steam dragon
  2833 | D:4      | Reached XP level 6. HP: 34/48 MP: 11/11
  2954 | D:4      | Learned a level 3 spell: Call Canine Familiar
  3262 | D:4      | Reached skill level 6 in Ranged Weapons
  3526 | D:4      | Reached XP level 7. HP: 49/56 MP: 13/13
  3709 | D:4      | Killed from afar by an orc priest

Illustrated notes

Levels and vault maps discovered:
D:1:      scummos_arrival_checkerplants, layout_loops_corners
D:2:      layout_loops_ring, serial_shops, nicolae_shop_real_fake_doors
D:3:      layout_basic, zin_treasury, minmay_pentomino_pile
D:4:      layout_basic, lemuel_mausoleum_altar_kikubaaqudgha, uniq_eustachio,
          uniq_pikel

Skill      XL: |  1  2  3  4  5  6  7 |
---------------+----------------------+-----
Ranged Weapons | 4 5 6 |  6.3
Armour         | 2 |  2.0
Summonings     | 1 2 3 |  3.7
Fighting       | 2 3 |  3.0
Spellcasting   | 2 |  2.0
Dodging        | |  1.0
Hexes          | |  1.0

Action                     |  1- 3 |  4- 6 |  7- 9 || total
---------------------------+-------+-------+-------++-------
   Fire: Shortbow          |   119 |   173 |    45 ||   337
   Cast: Slow              |     1 |       |       ||     1
         Call Canine Famil |       |     1 |     1 ||     2
  Evoke: Wand              |       |     2 |       ||     2
    Use: Scroll            |     7 |       |     1 ||     8
         Potion            |       |       |     4 ||     4
 Armour: Ring mail         |    17 |    29 |       ||    46
         Leather armour    |       |    18 |     6 ||    24
  Dodge: Dodged            |    31 |    64 |    18 ||   113
